 Dungeon Crawl Stone Soup version 0.31-a0-702-gf82c85558f (webtiles) character file.

Game seed: 6619286498830241774

581362 rjrrt the Conqueror (level 25, -1/256 (257) HPs)
             Began as a Minotaur Berserker on Sept 7, 2023.
             Was the Champion of Trog.
             Slain by a doom hound (24 damage)
             ... led by Grunn
             ... on level 3 of the Realm of Zot on Sept 8, 2023.
             The game lasted 02:27:41 (47980 turns).

rjrrt the Conqueror (Minotaur Berserker)           Turns: 47980, Time: 02:27:41

HP:   -1/256 (257)  AC: 55    Str: 33    XL:     25   Next: 94%
MP:   22/22         EV: 17    Int:  4    God:    Trog [******]
Gold: 4761          SH: 23    Dex: 15    Spells: 24/24 levels left

rFire   + . .        a - +4 broad axe (vamp)
rCold   + . .        v - +2 kite shield {rC+ rF+}
rNeg    + . .        y - +12 crystal plate armour of the Caustic Jabberwock {+Inv Regen+ Dex+3 SInv}
rPois   +            O - +2 hat
rElec   +            q - +2 cloak "Uwaecal" {rElec rN+ Will+}
rCorr   .            Y - +2 pair of gloves {Str+3}
SInv    +            K - +3 pair of seven-league boots {Rampage+∞}
Will    ++...        C - amulet of reflection Stlth
                     X - ring of poison resistance
HPRegen 1.42/turn    A - +4 ring of slaying
MPRegen 0.18/turn

%: reflection, rampage+∞
@: doom-hounded, slowed, studying 2 skills, lightly drained, very slow
A: horns 2, retaliatory headbutt, weak 1
}: 3/15 runes: decaying, silver, gossamer
a: Renounce Religion, Evoke Invisibility, Berserk, Trog's Hand, Brothers in Arms


You were on level 3 of the Realm of Zot.
You worshipped Trog.
Trog was exalted by your worship.
You visited 9 branches of the dungeon, and saw 46 of its levels.
You also visited: Trove, Ice Cave and Wizlab.

You collected 10640 gold pieces.
You spent 5879 gold pieces at shops.

Inventory:

Hand Weapons
 a - a +4 vampiric broad axe (weapon)
 b - a +4 trishula of holy wrath
 f - the +10 broad axe "Deacal" {flame, rPois}
   (Trog gifted it to you on level 2 of the Vaults)

   rPois:     It protects you from poison
 m - a +9 antimagic broad axe
Missiles
 j - 30 boomerangs (quivered)
Armour
 q - the +2 cloak "Uwaecal" (worn) {rElec rN+ Will+}
   (You bought it in a shop on level 5 of the Vaults)

   rElec:     It insulates you from electricity.
   rN+:       It protects you from negative energy.
   Will+:     It increases your willpower.
 u - a +2 pair of boots of flying
 v - a +2 kite shield of resistance (worn)
 y - the +12 crystal plate armour of the Caustic Jabberwock (worn) {+Inv Regen+ Dex+3 SInv}
   (You acquired it on level 1 of the Depths)

   Dex+3:     It affects your dexterity (+3).
   SInv:      It lets you see invisible.
   +Inv:      It lets you turn invisible.
   Regen+:    It increases your rate of health regeneration.
 K - the +3 pair of seven-league boots (worn) {Rampage+∞}
   (You found it on level 3 of the Lair of Beasts)

   Rampage+∞: When moving toward enemies, its wearer moves as far as possible,
   alerting their target en route.
 O - a +2 hat (worn)
 Y - a +2 pair of gloves of strength (worn)
Jewellery
 k - a ring of flight
 A - a +4 ring of slaying (right hand)
 C - an amulet of reflection (around neck)
 I - a ring of willpower
 X - a ring of poison resistance (left hand)
Wands
 e - a wand of digging (22)
 n - a wand of mindburst (49)
 p - a wand of charming (3)
 Q - a wand of quicksilver (68)
 T - a wand of iceblast (3)
Scrolls
 i - 9 scrolls of teleportation
 w - 8 scrolls of fear
 z - 2 scrolls of silence
 M - 8 scrolls of fog
 S - 3 scrolls of revelation
 W - 4 scrolls of butterflies
Potions
 c - 9 potions of haste
 d - 5 potions of enlightenment
 g - 19 potions of curing
 h - 9 potions of attraction
 l - 2 potions of resistance
 r - 4 potions of heal wounds
 t - 6 potions of might
 B - 4 potions of lignification
 E - 8 potions of cancellation
 F - 6 potions of ambrosia
 G - 6 potions of berserk rage
 J - 9 potions of mutation
 N - 4 potions of invisibility


   Skills:
 O Level 27 Fighting
 + Level 25.8 Axes
 - Level 4.0 Throwing
 + Level 23.3 Armour
 + Level 22.5 Dodging
 - Level 7.1 Stealth
 - Level 22.0 Shields
 + Level 11.3 Evocations


You had 24 spell levels left.
You didn't know any spells.
Your spell library was empty.

Dungeon Overview and Level Annotations

Branches:
Dungeon (15/15)            Temple (0/1) D:6            Lair (5/5) D:10
  Swamp (4/4) Lair:3       Spider (4/4) Lair:2        Slime (0/5) Lair:5
    Orc (2/2) D:12            Elf (0/3) Orc:2        Vaults (5/5) D:13
  Crypt (3/3) Vaults:2       Tomb (0/3) Crypt:3      Depths (4/4) D:15
    Zot (4/5) Depths:4      IceCv (visited)          WizLab (visited)

Altars:
Elyvilon
Fedhas
Hepliaklqana
Kikubaaqudgha
Trog
Uskayaw
Yredelemnul
Zin
Jiyva
Lugonu

Shops:
D:4 (   D:7 *   D:8 *(   D:13 *   D:15 *   Orc:1 :   Orc:2 [[!*   Vaults:3 [
Vaults:5 !?=:[   Depths:1 *   Depths:2 *[*[   Depths:3 :

Portals:
Hell: Depths:1 Depths:2 Depths:3 Depths:4
Abyss: Depths:3
Pandemonium: Depths:2
Ziggurat: Depths:3

Annotations:
Depths:1 3 runed translucent doors, Xutext's ghost, adept DsAK
Zot:1 2 transporters, Covvyleb's ghost, veteran DrIE
Zot:2 2 transporters, exclusion: orange crystal statue


Innate Abilities, Weirdness & Mutations

You have a pair of horns on your head.
You reflexively headbutt those who attack you in melee.
You are weak. (Str -2)


Message History

The bone dragon bites you but does no damage.
You block the bone dragon's attack. x2; The doom hound misses you.
You furiously retaliate!
You headbutt the doom hound.
The doom hound claws you but does no damage.
The putrid mouth bites you but does no damage.
The putrid mouth claws you but does no damage.
You block the putrid mouth's attack.
The putrid mouth claws you but does no damage.
The bone dragon bites you!
* * * LOW HITPOINT WARNING * * *
The bone dragon misses you.
The bone dragon tramples you but does no damage.
The doom hound unleashes a terrible howl, and it begins to echo in your mind!
Unknown command.
Unknown command.
Unknown command.
You feel much better.
Your surroundings seem slightly different.
Found an escape hatch in the ceiling.
Found a stone staircase leading down.
The tormentor calls on the powers of darkness!
Your body is wracked with pain!
* * * LOW HITPOINT WARNING * * *
Unknown command.
Unknown command.
Unknown command.
Unknown command.
The doom hound attacks as it pursues you!
The doom hound bites you but does no damage.
The doom hound claws you but does no damage.
The putrid mouth throws miasma at you.
The foul vapour engulfs the doom hound.
The doom hound completely resists.
There is an escape hatch in the ceiling here.
Unknown command.
Unknown command.
Unknown command.
You are engulfed in dark miasma.
You feel as though you will be slow longer.
* * * LOW HITPOINT WARNING * * *
You block the doom hound's attack. x2; The doom hound bites you!!
You die...

##...## ..#
##...# ..##
##.## ..>#
### ### ###
#..# #.##
##.#####..#
...##
#.....2D°°#
#...##
#...§.°W°#
##...##
#..####h°#
##...# #..#
#@°# ##..#
#..# #..# #
#..# #..#
#.D# # #..#
#..# #..# #
#..# #..#
#### #
#..####..#
#
#........#
#
#........#
#### #
#..####..#
#..#


You could see 2 bone dragons, a doom hound, a putrid mouth and a tormentor.

Vanquished Creatures
  An ancient lich (Vaults:5)
  A dread lich (Crypt:3)
  A juggernaut (Depths:4)
  Sojobo (Depths:4)
  Saint Roka (Vaults:5)
  Frederick (Crypt:2)
  2 curse toes
  Xtahua (Vaults:4)
  A caustic shrike (Depths:4)
  10 golden dragons
  Jory (Vaults:5)
  A profane servitor (Crypt:3)
  3 bone dragons
  A doom hound (Zot:3)
  5 electric golems
  14 tentacled monstrosities
  Jorgrun (Spider:1)
  A walking crystal tome (Depths:4)
  An Ice Fiend (IceCv)
  5 liches
  10 titans
  5 quicksilver dragons
  Grunn (Zot:3)
  A walking frostbound tome (Depths:4)
  A walking earthen tome (Depths:4)
  12 death cobs
  3 deep elf master archers (WizLab)
  Gastronok (Orc:1)
  4 sphinxes
  8 ancient champions
  8 tengu reavers
  5 thorn hunters
  Donald (Spider:3)
  4 revenants
  11 shadow dragons
  5 draconian monks
  13 storm dragons
  5 fenstrider witches
  2 fire giants
  The ghost of Puukheko the Impaler, an adept MfGl of Makhleb (Spider:1)
  16 vault wardens
  10 frost giants
  5 ghost moths
  6 draconian knights
  4 emperor scorpions
  2 balrugs (Depths:1)
  2 iron dragons (Depths:4)
  7 ghouls
  3 curse skulls
  19 ironbound preservers
  7 broodmothers
  2 draconian shifters
  4 orc warlords
  3 spriggan defenders
  28 very ugly things
  3 draconian annihilators
  A war gargoyle (Vaults:5)
  A reaper (Depths:2)
  12 ironbound thunderhulks
  3 formless jellyfish
  23 stone giants
  11 vampire knights
  A juggernaut skeleton (Crypt:1)
  14 green draconians
  2 deep elf annihilators (Vaults:5)
  A putrid mouth (Zot:3)
  2 eleionomae
  7 black draconians
  A deep elf demonologist (Vaults:5)
  9 red draconians
  8 purple draconians
  11 spark wasps
  8 yellow draconians
  An ettin (shapeshifter) (Depths:4)
  A bunyip (Swamp:2)
  12 white draconians
  19 dire elephants
  2 deep elf death magi
  5 eidola
  15 ettins
  16 fire dragons
  A shambling mangrove (WizLab)
  7 entropy weavers
  11 jiangshi
  22 yaktaur captains
  Josephine (Orc:1)
  4 deep elf high priests (Vaults:5)
  8 great orbs of eyes
  9 ice dragons
  34 vault guards
  3 ogre magi (Vaults:5)
  3 rakshasas
  2 caustic shrike simulacra (IceCv)
  5 spriggan air magi
  Erolcha (Orc:1)
  5 alligators
  8 hydras
  A peacekeeper (Vaults:2)
  7 ironbound frosthearts
  7 radroaches
  A hell beast (Depths:1)
  4 boulder beetles
  3 ghost crabs (Swamp:2)
  4 jorogumos
  24 centaur warriors
  2 satyrs (WizLab)
  A death knight (Crypt:1)
  A sphinx skeleton (Crypt:2)
  7 tengu warriors
  4 deep troll earth magi
  2 two-headed ogres (Vaults:5)
  8 death scarabs (Spider:4)
  Urug (D:10)
  A death yak (shapeshifter) (Depths:4)
  A titan zombie (Crypt:3)
  7 deep troll shamans
  6 spriggan berserkers
  2 hell hogs (Depths:1)
  A naga sharpshooter (WizLab)
  8 vampire magi
  7 demonic crawlers
  An orc high priest (Orc:2)
  5 soul eaters
  11 spriggans
  A spectral emperor scorpion (Spider:4)
  4 hell knights
  A shadow wraith (Crypt:3)
  A sun demon (Depths:1)
  An emperor scorpion zombie (Crypt:2)
  8 pharaoh ants
  8 iron trolls
  A fire crab (shapeshifter) (Depths:1)
  34 skeletal warriors
  A spectral bunyip (Swamp:4)
  27 deep trolls
  A goliath frog (Swamp:3)
  A skyshark (Lair:5)
  A sea snake (shapeshifter) (Depths:1)
  6 bog bodies
  2 sun moths
  4 spriggan druids
  4 glowing orange brains
  3 spectral hydras (Swamp:4)
  A deep elf archer (WizLab)
  7 swamp dragons
  6 orb spiders
  8 wizards
  An orange crystal statue (D:15)
  6 steelbarb worms
  2 tengu zombies
  8 spriggan simulacra
  2 obsidian statues
  10 necromancers
  10 lindwurms
  6 flayed ghosts
  3 wolf spider zombies
  A deep elf pyromancer (D:13)
  6 oklob plants
  A bunyip skeleton (Crypt:1)
  19 ironbound convokers
  A stone giant zombie (Crypt:1)
  17 orc knights
  18 phantasmal warriors
  A tengu skeleton (Depths:1)
  4 orc sorcerers
  4 alligator zombies
  4 fauns (WizLab)
  38 ugly things
  2 will-o-the-wisps
  9 cyclopes
  19 wolf spiders
  A manticore (D:12)
  13 moths of wrath
  A broodmother zombie (Spider:4)
  10 elephants
  Maurice (D:10)
  A salamander (Depths:2)
  A dire elephant zombie (Crypt:1)
  A guardian serpent (Lair:3)
  9 black mambas
  7 centaur zombies
  A stone giant skeleton (Crypt:1)
  A human skeleton (Vaults:2)
  7 centaur skeletons (Crypt:1)
  3 smoke demons (Depths:1)
  An eye of devastation (shapeshifter) (Depths:4)
  5 cane toads
  10 torpor snails
  18 vault sentinels
  A gargoyle (D:12)
  5 spectral redbacks (Spider:4)
  Maggie (D:8)
  A hellion (Depths:1)
  An unseen horror (D:11)
  An elephant slug zombie (Crypt:2)
  A dire elephant skeleton (Crypt:3)
  A minotaur zombie (Crypt:3)
  8 komodo dragons
  2 efreet
  A shock serpent skeleton (Crypt:1)
  40 yaktaurs
  A red draconian zombie (Crypt:2)
  An alligator snapping turtle skeleton (Crypt:3)
  3 rime drakes
  13 freezing wraiths
  2 redback zombies
  11 ice devils
  3 tengu conjurers
  5 swamp worm zombies (Swamp:4)
  2 anaconda simulacra
  A queen bee (shapeshifter) (D:13)
  4 guardian mummies (Crypt:3)
  A golden dragon simulacrum (IceCv)
  4 hydra zombies (Swamp:4)
  A yaktaur skeleton (Vaults:2)
  A harpy zombie (Crypt:3)
  2 bloated husks
  A hellwing (Depths:2)
  4 polar bears
  6 trolls
  A minotaur skeleton (Crypt:3)
  18 hornets
  Prince Ribbit (D:8)
  6 saltlings (Orc:2)
  A hornet (shapeshifter) (Depths:4)
  2 spectral culicivoras (Spider:4)
  A culicivora zombie (Spider:4)
  A death drake zombie (Crypt:2)
  2 spectral tarantellas (Spider:4)
  25 tarantellas
  5 spectral jumping spiders (Spider:4)
  A jumping spider zombie (Spider:4)
  12 tyrant leeches
  5 dream sheep (Lair:3)
  An alligator simulacrum (IceCv)
  16 blink frogs
  2 spectral swamp dragons (Swamp:4)
  2 meliai zombies (Crypt:1)
  A human simulacrum (Vaults:3)
  2 ettin zombies
  19 jumping spiders
  A spriggan zombie (Depths:1)
  A draconian simulacrum (Crypt:3)
  6 flying skulls (Crypt:2)
  2 slime creatures (shapeshifter)
  21 slime creatures
  A shadow (D:13)
  A culicivora (shapeshifter) (Depths:4)
  18 culicivoras
  A centaur simulacrum (Crypt:3)
  3 dire elephant simulacra
  An ettin skeleton (Crypt:1)
  10 wraiths
  26 yaks
  5 vampires (Crypt:3)
  2 wyverns
  A human (shapeshifter) (D:14)
  A tyrant leech zombie (Crypt:1)
  A neqoxec (Depths:2)
  A basilisk (Lair:1)
  8 minotaur simulacra
  2 yaktaur simulacra
  19 humans (D:13)
  44 redbacks
  9 vampire mosquitoes
  7 swamp worms
  A naga zombie (Crypt:1)
  2 wargs
  An acid dragon (D:10)
  Duvessa (D:6)
  2 harpy simulacra (IceCv)
  18 water moccasins
  2 glowing shapeshifter skeletons (Vaults:3)
  A two-headed ogre skeleton (Crypt:3)
  A sky beast (D:7)
  19 orc warriors
  2 ice beasts
  2 black bears (D:6)
  3 ogres
  3 swamp dragon zombies (Swamp:4)
  11 centaurs
  A boggart (shapeshifter) (Vaults:5)
  A boggart (Vaults:1)
  A torpor snail zombie (Crypt:2)
  21 wolves
  A hog zombie (Crypt:1)
  9 phantoms
  3 kobold brigands
  16 bullfrogs
  Blork the orc (Orc:1)
  A gnoll sergeant (Orc:1)
  4 necrophages
  A scorpion (D:4)
  10 deep troll simulacra
  3 wights (D:8)
  Dowan (D:6)
  A shapeshifter zombie (Crypt:3)
  A warg skeleton (Crypt:2)
  6 killer bees (D:9)
  4 lindwurm simulacra
  A polar bear skeleton (Crypt:3)
  A yak skeleton (Crypt:1)
  10 electric eels
  5 howler monkeys
  A bullfrog zombie (Crypt:1)
  A basilisk zombie (Crypt:2)
  A jelly (D:4)
  Crazy Yiuf (D:2)
  2 hounds (D:5)
  10 orc priests
  3 sleepcaps
  23 orc wizards
  Jessica (D:2)
  A boggart zombie (Crypt:1)
  3 iguanas
  2 boggart skeletons (Crypt:1)
  An acid dragon skeleton (Crypt:3)
  3 swamp drake zombies (Swamp:4)
  2 adders
  A white imp (D:8)
  2 jelly zombies (Crypt:1)
  An adder skeleton (Crypt:1)
  A worm (D:2)
  4 dart slugs
  80 orcs
  12 ball pythons
  An endoplasm (D:1)
  4 giant cockroaches
  3 goblins
  8 hobgoblins
  4 quokkas
  A bat (D:2)
  4 frilled lizards
  18 kobolds
  A kobold skeleton (Crypt:2)
  An orc skeleton (Crypt:1)
  4 rats
  A river rat zombie (Crypt:3)
1949 creatures vanquished.

Vanquished Creatures (collateral kills)
  Mennas (Crypt:3)
  A curse toe (Zot:1)
  A thorn hunter (Swamp:2)
  An entropy weaver (Spider:1)
  An alligator (Swamp:2)
  A jorogumo (Spider:1)
  A death scarab (Spider:1)
  A spriggan druid (Swamp:2)
  A spriggan (Swamp:2)
  2 swamp worms (Swamp:2)
  A necrophage (Crypt:3)
12 creatures vanquished.

Vanquished Creatures (others)
  A draconian knight (Zot:3)
  A hydra (Swamp:2)
  A shadow wraith (Crypt:3)
  A spriggan druid (Swamp:2)
  A kobold demonologist (D:10)
  2 bloated husks (Swamp:4)
  A kobold (D:10)
  7 foxfires
15 creatures vanquished.

Grand Total: 1976 creatures vanquished

Notes
Turn   | Place    | Note
-------+----------+-------------------------------------------
     0 | D:1      | rjrrt the Minotaur Berserker began the quest for the Orb.
     0 | D:1      | Reached XP level 1. HP: 19/19 MP: 0/0
   237 | D:1      | Reached XP level 2. HP: 26/26 MP: 1/1
   786 | D:2      | Reached skill level 5 in Axes
   842 | D:2      | Reached ** piety under Trog
   843 | D:2      | Reached XP level 3. HP: 31/31 MP: 2/2
  1014 | D:2      | Identified the +2 hand axe of Aniu {heavy, +Blink MP+9
                  | Str+2}
  1123 | D:2      | Noticed Jessica
  1129 | D:2      | Killed Jessica
  1310 | D:2      | Reached XP level 4. HP: 39/39 MP: 3/3
  1405 | D:2      | Found a runed translucent door.
  1406 | D:2      | Noticed Crazy Yiuf
  1412 | D:2      | Killed Crazy Yiuf
  1596 | D:3      | Reached XP level 5. HP: 33/45 MP: 4/4
  2182 | D:4      | Reached *** piety under Trog
  2183 | D:4      | Reached XP level 6. HP: 31/51 MP: 5/5
  2746 | D:4      | Found an ancient bone altar of Kikubaaqudgha.
  2928 | D:4      | Found Derowigu's Weapon Shop.
  2940 | D:5      | Entered Level 5 of the Dungeon
  2945 | D:5      | Identified the +5 ring mail "Rorphach" {*Corrode rPois
                  | Str+8}
  3054 | D:5      | Reached XP level 7. HP: 57/57 MP: 6/6
  3227 | D:5      | Reached skill level 10 in Axes
  3674 | D:5      | Reached **** piety under Trog
  3870 | D:6      | Found a staircase to the Ecumenical Temple.
  3876 | D:6      | Noticed Duvessa
  3876 | D:6      | Noticed Dowan
  3888 | D:6      | Killed Duvessa
  3891 | D:6      | Killed Dowan
  3897 | D:6      | Reached XP level 8. HP: 49/64 MP: 7/7
  4095 | D:6      | Reached skill level 1 in Shields
  4200 | D:6      | Reached skill level 4 in Fighting
  4298 | D:6      | Found a bloodstained altar of Trog.
  4481 | D:7      | Found Patiryog's General Store.
  4487 | D:7      | Bought a scroll of fear for 52 gold pieces
  4615 | D:7      | Identified the +0 pair of gloves "Ohapor" {+Inv MP+9}
  4702 | D:7      | Reached XP level 9. HP: 67/72 MP: 8/8
  4919 | D:7      | Found a hide-covered altar of Uskayaw.
  5014 | D:8      | Noticed Maggie
  5014 | D:8      | Noticed Prince Ribbit
  5021 | D:8      | Killed Prince Ribbit
  5032 | D:8      | Killed Maggie
  5033 | D:8      | Reached skill level 5 in Fighting
  5033 | D:8      | Reached skill level 1 in Throwing
  5033 | D:8      | Reached skill level 1 in Evocations
  5203 | D:8      | Found Benluy's Overcharged Wands.
  5452 | D:8      | Reached skill level 5 in Armour
  5455 | D:8      | Reached skill level 6 in Fighting
  5612 | D:8      | Found Fepih's Antique Weapon Boutique.
  5766 | D:9      | Reached XP level 10. HP: 77/83 MP: 9/9
  5783 | D:9      | Reached ***** piety under Trog
  5988 | D:9      | Reached skill level 5 in Dodging
  6632 | D:10     | Entered Level 10 of the Dungeon
  6639 | D:10     | Reached skill level 5 in Shields
  6712 | D:10     | Noticed Urug
  6724 | D:10     | Killed Urug
  6725 | D:10     | Reached skill level 7 in Fighting
  6937 | D:10     | Noticed Maurice
  6964 | D:10     | Killed Maurice
  6965 | D:10     | Reached skill level 15 in Axes
  7237 | D:10     | Found a staircase to the Lair.
  7540 | Lair:1   | Entered Level 1 of the Lair of Beasts
  7597 | Lair:1   | Reached XP level 11. HP: 77/92 MP: 10/10
  7909 | Lair:1   | Received a gift from Trog
  7947 | Lair:1   | Reached skill level 8 in Fighting
  8367 | Lair:1   | Found a blossoming altar of Fedhas.
  8369 | Lair:1   | Noticed an oklob plant
  8370 | Lair:1   | Noticed an oklob plant
  8377 | Lair:1   | Killed an oklob plant
  8381 | Lair:1   | Killed an oklob plant
  8659 | Lair:2   | Noticed a four-headed hydra
  8664 | Lair:2   | Killed a one-headed hydra
  8951 | Lair:2   | Identified a scroll of acquirement
  8951 | Lair:2   | Acquired the +0 shadow dragon scales of Quantum Leap {rElec
                  | rPois Regen+ Int+3 Stlth++++}
  9173 | Lair:2   | Reached XP level 12. HP: 93/103 MP: 11/11
  9183 | Lair:2   | Reached skill level 9 in Fighting
  9236 | Lair:2   | Found a hole to the Spider Nest.
  9346 | Lair:2   | Identified the +7 hand axe "Gemy" {flame, Dex+2}
  9819 | Lair:3   | Found a staircase to the Swamp.
 10123 | Lair:3   | Noticed a seven-headed hydra
 10132 | Lair:3   | Killed a three-headed hydra
 10634 | Lair:3   | Noticed a boulder beetle
 10658 | Lair:3   | Killed a boulder beetle
 10711 | Lair:3   | Noticed a boulder beetle
 10724 | Lair:3   | Killed a boulder beetle
 10725 | Lair:3   | Reached skill level 10 in Fighting
 10764 | Lair:3   | Found the +3 pair of seven-league boots {Rampage+∞}
 11047 | Lair:4   | Reached XP level 13. HP: 113/113 MP: 12/12
 11294 | Lair:4   | You fall into a shaft and drop 1 floor!
 11294 | Lair:5   | Entered Level 5 of the Lair of Beasts
 11419 | Lair:5   | Reached skill level 10 in Armour
 12073 | Lair:5   | Found a staircase to the Slime Pits.
 12339 | Lair:5   | Found a runed translucent door.
 12410 | Lair:5   | Reached ****** piety under Trog
 12422 | Lair:5   | Reached skill level 11 in Fighting
 12511 | Lair:5   | Reached skill level 10 in Shields
 12639 | Lair:5   | Received a gift from Trog
 13885 | D:12     | Found a hide-covered altar of Uskayaw.
 13912 | D:12     | Found a staircase to the Orcish Mines.
 14501 | D:12     | Reached XP level 14. HP: 115/124 MP: 13/13
 14811 | Orc:1    | Entered Level 1 of the Orcish Mines
 14811 | Orc:1    | Noticed Josephine
 14813 | Orc:1    | Reached skill level 10 in Dodging
 14813 | Orc:1    | Found Ocinead's Book Shop.
 14819 | Orc:1    | Killed Josephine
 15000 | Orc:2    | Entered Level 2 of the Orcish Mines
 15012 | Orc:2    | Received a gift from Trog
 15109 | Orc:1    | Noticed Erolcha
 15112 | Orc:1    | Killed Erolcha
 15232 | Orc:1    | Noticed Blork the orc
 15237 | Orc:1    | Killed Blork the orc
 15273 | Orc:1    | Noticed Gastronok
 15287 | Orc:1    | Killed Gastronok
 15596 | Orc:2    | Reached skill level 12 in Fighting
 15630 | Orc:2    | Found a staircase to the Elven Halls.
 15955 | Orc:2    | Found Xehooph's Antique Armour Shop.
 15985 | Orc:2    | Noticed an orc warlord
 16068 | Orc:2    | Killed an orc warlord
 16144 | Orc:2    | Found Jiutirirer's Assorted Antiques.
 16146 | Orc:2    | Found Xefobb's Distillery.
 16154 | Orc:2    | Bought a potion of degeneration for 12 gold pieces
 16155 | Orc:2    | Bought a potion of haste for 120 gold pieces
 16155 | Orc:2    | Bought a potion of lignification for 36 gold pieces
 16160 | Orc:2    | Bought a scroll of identify for 58 gold pieces
 16160 | Orc:2    | Bought a scroll of identify for 58 gold pieces
 16162 | Orc:2    | Bought a scroll of fear for 116 gold pieces
 16171 | Orc:2    | Found Ozihisuce's Antique Armour Shoppe.
 16177 | Orc:2    | Received a gift from Trog
 16211 | Orc:2    | Bought a pair of embroidered boots for 202 gold pieces
 17091 | D:13     | Found a gate to the Vaults.
 17238 | D:13     | Found a hazy altar of Hepliaklqana.
 17313 | D:13     | Received a gift from Trog
 17377 | D:13     | Found Rekk's Assorted Antiques.
 17385 | D:13     | Bought a potion of haste for 360 gold pieces
 17385 | D:13     | Bought a potion of might for 144 gold pieces
 17385 | D:13     | Bought a scroll of identify for 72 gold pieces
 17386 | D:13     | Acquired a manual of Fighting
 17581 | D:14     | Reached XP level 15. HP: 134/134 MP: 14/14
 17587 | D:14     | Reached skill level 13 in Fighting
 18054 | D:14     | Identified the +10 trident of Indomitability {drain, rF+
                  | Dex+4}
 18237 | D:15     | Entered Level 15 of the Dungeon
 18323 | D:15     | Found Foaplibu's General Store.
 18342 | D:15     | Bought a potion of haste for 110 gold pieces
 18901 | D:15     | Found a white marble altar of Elyvilon.
 18973 | D:15     | Identified the +9 plate armour of the Trees {-Tele rF+ rN+}
 19146 | D:15     | Found a staircase to the Depths.
 19150 | D:15     | Reached skill level 14 in Fighting
 19336 | Swamp:1  | Entered Level 1 of the Swamp
 19626 | Swamp:2  | Noticed a fenstrider witch
 19627 | Swamp:2  | Noticed a fenstrider witch
 19639 | Swamp:2  | Noticed a thorn hunter
 19642 | Swamp:2  | Killed a thorn hunter
 19780 | Swamp:2  | Received a gift from Trog
 19858 | Swamp:2  | Killed a fenstrider witch
 20227 | Swamp:2  | Killed a fenstrider witch
 20228 | Swamp:2  | Reached skill level 15 in Fighting
 20361 | Swamp:2  | Noticed a thorn hunter
 20375 | Swamp:2  | Killed a thorn hunter
 20587 | Swamp:4  | Entered Level 4 of the Swamp
 20815 | Swamp:4  | Reached XP level 16. HP: 149/149 MP: 15/15
 21121 | Swamp:4  | Received a gift from Trog
 21227 | Swamp:4  | Reached skill level 16 in Fighting
 21344 | Swamp:4  | Noticed a bone dragon
 21359 | Swamp:4  | Killed a bone dragon
 21366 | Swamp:4  | Got a decaying rune of Zot
 21564 | Spider:1 | Entered Level 1 of the Spider Nest
 21565 | Spider:1 | You fall into a shaft and drop 1 floor!
 21722 | Spider:1 | Noticed Jorgrun
 21737 | Spider:1 | Killed Jorgrun
 21822 | Spider:1 | Found a runed translucent gate.
 21823 | Spider:1 | Found a runed translucent gate.
 21825 | Spider:1 | Found a runed translucent gate.
 21825 | Spider:1 | Noticed Puukheko's ghost (adept MfGl)
 22197 | Spider:1 | Reached skill level 17 in Fighting
 22201 | Spider:1 | Received a gift from Trog
 22616 | Spider:1 | Reached skill level 15 in Armour
 22624 | Spider:1 | Killed Puukheko's ghost
 22989 | Spider:2 | Reached XP level 17. HP: 162/162 MP: 16/16
 23000 | Spider:2 | Identified the +6 sling "Newtbane" {freeze, Str+5 Int+3}
 23299 | Spider:2 | Received a gift from Trog
 23742 | Spider:2 | Gained mutation: You are weak. (Str -2) [mutagenic glow]
 23969 | Spider:2 | Reached skill level 18 in Fighting
 24095 | Spider:3 | Reached skill level 15 in Shields
 24240 | Spider:3 | Noticed Donald
 24263 | Spider:3 | Killed Donald
 24602 | Spider:3 | Received a gift from Trog
 24884 | Spider:4 | Entered Level 4 of the Spider Nest
 24901 | Spider:4 | Found a frozen archway.
 24943 | IceCv    | Entered an ice cave
 25193 | IceCv    | Received a gift from Trog
 25267 | IceCv    | Noticed an Ice Fiend
 25433 | IceCv    | Reached skill level 19 in Fighting
 25441 | IceCv    | Killed an Ice Fiend
 25492 | IceCv    | Identified the +3 chain mail of the Orb {rPois Int+2 Dex-3}
 26357 | Spider:4 | Received a gift from Trog
 26386 | Spider:4 | Reached skill level 15 in Dodging
 26421 | Spider:4 | Reached XP level 18. HP: 172/177 MP: 0/17
 27020 | Spider:4 | Got a gossamer rune of Zot
 27365 | Vaults:1 | Entered Level 1 of the Vaults
 27437 | Vaults:1 | Reached skill level 20 in Fighting
 27532 | Vaults:1 | Received a gift from Trog
 28461 | Vaults:2 | Found a magical portal.
 28466 | WizLab   | Entered Eringya's Formal Garden
 28590 | WizLab   | Received a gift from Trog
 28728 | WizLab   | Paralysed by a fenstrider witch for 5 turns
 28733 | WizLab   | HP: 9/180 [deep elf master archer/arrow (8)]
 28735 | WizLab   | HP: 4/270 [deep elf master archer/arrow (4)]
 28738 | WizLab   | Reached XP level 19. HP: 19/187 MP: 18/18
 28881 | WizLab   | Found a blossoming altar of Fedhas.
 29334 | Vaults:2 | Reached skill level 21 in Fighting
 29747 | Vaults:2 | Identified the +7 plate armour of Distant Worlds {+Inv rN+
                  | Int+2}
 29772 | Vaults:2 | Reached XP level 20. HP: 199/199 MP: 19/19
 29793 | Vaults:2 | Identified the +10 broad axe "Deacal" {flame, rPois} (Trog
                  | gifted it to you on level 2 of the Vaults)
 29793 | Vaults:2 | Received a gift from Trog
 29977 | Vaults:2 | Found a portal to a secret trove of treasure.
 29993 | Vaults:2 | You paid a toll of 7 potions of haste to enter a treasure
                  | trove
 29994 | Trove    | Entered a treasure trove
 30040 | Trove    | Identified the +7 battleaxe "Aliowist" {distort, Will+
                  | Dex+4}
 30041 | Trove    | Identified the +5 executioner's axe of Tovymet {flame, rC+}
 30042 | Trove    | Identified the +4 war axe "Ocayhudu" {heavy, rF+}
 30051 | Trove    | Identified the +3 hand axe of War {heavy, rPois SInv}
 30054 | Trove    | Identified the +1 scimitar "Minotaur's Doom" {antimagic,
                  | rElec}
 30287 | Vaults:2 | Found a staircase to the Crypt.
 30287 | Vaults:2 | Found a basalt altar of Yredelemnul.
 30287 | Vaults:2 | Found an ancient bone altar of Kikubaaqudgha.
 30414 | Crypt:1  | Entered Level 1 of the Crypt
 30855 | Crypt:1  | Reached skill level 22 in Fighting
 31098 | Crypt:1  | Received a gift from Trog
 31490 | Crypt:1  | Found the +9 sword of Zonguldrok {reap}
 31490 | Crypt:1  | Noticed a bone dragon
 31506 | Crypt:1  | Killed a bone dragon
 32021 | Crypt:2  | Reached XP level 21. HP: 186/199 MP: 20/20
 32346 | Crypt:2  | Received a gift from Trog
 32367 | Crypt:2  | Identified the +0 ring mail of Virtue {rElec Will+++ Str-3}
 32390 | Crypt:2  | Reached skill level 23 in Fighting
 32532 | Crypt:2  | Noticed Frederick
 32544 | Crypt:2  | Killed Frederick
 32775 | Crypt:3  | Entered Level 3 of the Crypt
 33014 | Crypt:3  | Noticed Mennas
 33036 | Crypt:3  | Killed Mennas
 33247 | Crypt:3  | Found a staircase to the Tomb.
 33644 | Crypt:3  | Noticed a dread lich
 33657 | Crypt:3  | Killed a dread lich
 33781 | Crypt:3  | Received a gift from Trog
 34021 | Crypt:3  | Found a basalt altar of Yredelemnul.
 34021 | Crypt:3  | Noticed a profane servitor
 34068 | Crypt:3  | Killed a profane servitor
 34077 | Crypt:3  | Found an ancient bone altar of Kikubaaqudgha.
 34097 | Crypt:3  | Identified the ring "Feog" {*Corrode rPois rC++ Will+
                  | Stlth+}
 34140 | Crypt:3  | Acquired a manual of Stealth
 35124 | Vaults:3 | Reached skill level 1 in Stealth
 35494 | Vaults:3 | Reached skill level 24 in Fighting
 35578 | Vaults:3 | Received a gift from Trog
 35579 | Vaults:3 | Reached XP level 22. HP: 214/222 MP: 21/21
 35814 | Vaults:3 | Found Muedum's Armour Boutique.
 35825 | Vaults:3 | Bought a +2 pair of boots of flying for 387 gold pieces
 36036 | Vaults:4 | Noticed Xtahua
 36050 | Vaults:4 | Killed Xtahua
 36094 | Vaults:4 | Identified the +4 dagger of Atoh {holy, rC+ Stlth+}
 36576 | Vaults:4 | Reached skill level 5 in Stealth
 37139 | Vaults:4 | Received a gift from Trog
 37441 | Depths:1 | Entered Level 1 of the Depths
 37460 | Depths:1 | Upgraded the game from 0.31-a0-700-gf13585253f to
                  | 0.31-a0-702-gf82c85558f
 37734 | Depths:1 | Acquired the +12 crystal plate armour of the Caustic
                  | Jabberwock {+Inv Regen+ Dex+3 SInv}
 38018 | Depths:1 | Received a gift from Trog
 38109 | Depths:1 | Found a runed translucent gate.
 38110 | Depths:1 | Found a runed translucent gate.
 38110 | Depths:1 | Found a runed translucent gate.
 38112 | Depths:1 | Noticed Xutext's ghost (adept DsAK)
 38288 | Depths:1 | Found a gateway to Hell.
 38403 | Depths:1 | Found Etomuhau's Neck Hole.
 38594 | Depths:1 | Found a viscous altar of Jiyva.
 38796 | Depths:2 | Found Neynio's Assorted Antiques.
 38819 | Depths:2 | Found Fasuint's Armour Shoppe.
 39179 | Depths:2 | Found Xiss's Antique Armour Shoppe.
 39316 | Depths:2 | Found a glowing silver altar of Zin.
 39438 | Depths:2 | Found a one-way gate leading to the halls of Pandemonium.
 39455 | Depths:2 | Reached XP level 23. HP: 232/232 MP: 22/22
 39677 | Depths:2 | Found Big Baal Hell's Store.
 39858 | Depths:3 | Found a one-way gateway to a ziggurat.
 39941 | Depths:3 | Received a gift from Trog
 39995 | Depths:3 | Found the +8 storm bow {elec, penet}
 40052 | Depths:3 | Reached skill level 5 in Evocations
 40547 | Depths:3 | Found Deebinid's Book Shoppe.
 40632 | Depths:3 | Found a corrupted altar of Lugonu.
 40632 | Depths:3 | Found a one-way gate to the infinite horrors of the Abyss.
 40715 | Depths:4 | Entered Level 4 of the Depths
 40864 | Depths:4 | Reached skill level 25 in Fighting
 40914 | Depths:4 | Noticed Sojobo
 40931 | Depths:4 | Killed Sojobo
 41001 | Depths:4 | Received a gift from Trog
 41089 | Depths:4 | Found a gate to the Realm of Zot.
 41326 | Depths:4 | Found a basalt altar of Yredelemnul.
 41327 | Depths:4 | Found a bloodstained altar of Trog.
 41328 | Depths:4 | Found a white marble altar of Elyvilon.
 41358 | Depths:4 | Noticed a caustic shrike
 41372 | Depths:4 | Killed a caustic shrike
 41710 | Depths:4 | Received a gift from Trog
 42118 | Depths:4 | Reached XP level 24. HP: 232/233 MP: 22/22
 42143 | Depths:4 | Noticed a juggernaut
 42155 | Depths:4 | Killed a juggernaut
 42667 | D:8      | Bought a wand of quicksilver (18) for 1134 gold pieces
 42667 | D:8      | Bought a wand of quicksilver (18) for 1134 gold pieces
 42667 | D:8      | Bought a wand of mindburst (30) for 630 gold pieces
 42921 | Vaults:5 | Entered Level 5 of the Vaults
 42945 | Vaults:5 | Received a gift from Trog
 43225 | Vaults:5 | Received a gift from Trog
 43289 | Vaults:5 | Identified the +1 ring mail of Bekuuqeips {rF+ rC- rCorr
                  | SInv}
 43345 | Vaults:5 | Noticed an ancient lich
 43359 | Vaults:5 | Killed an ancient lich
 43360 | Vaults:5 | Reached skill level 26 in Fighting
 43524 | Vaults:5 | Found Heggar's Book Shop.
 43657 | Vaults:5 | Noticed Saint Roka
 43676 | Vaults:5 | Killed Saint Roka
 43768 | Vaults:5 | Identified the +0 long sword "Eplafaus" {freeze, rC- Dex+3}
 43856 | Vaults:5 | Received a gift from Trog
 43903 | Vaults:5 | Identified the ring "Jaehaph" {*Corrode rN+ Dex+3 Stlth+}
 43904 | Vaults:5 | Noticed Jory
 43923 | Vaults:5 | Killed Jory
 43952 | Vaults:5 | Found Cuilick's Distillery.
 43972 | Vaults:5 | Bought a potion of haste for 200 gold pieces
 43972 | Vaults:5 | Bought a potion of heal wounds for 100 gold pieces
 43972 | Vaults:5 | Bought a potion of heal wounds for 100 gold pieces
 43972 | Vaults:5 | Bought a potion of haste for 200 gold pieces
 43972 | Vaults:5 | Bought 2 potions of heal wounds for 200 gold pieces
 44008 | Vaults:5 | Found Opehuimm's Magic Scroll Shop.
 44013 | Vaults:5 | Bought a scroll of teleportation for 45 gold pieces
 44013 | Vaults:5 | Bought a scroll of fear for 60 gold pieces
 44013 | Vaults:5 | Bought a scroll of enchant weapon for 112 gold pieces
 44338 | Vaults:5 | Got a silver rune of Zot
 44601 | Vaults:5 | Found Busaqag's Jewellery Shoppe.
 44643 | Vaults:5 | Found Deplyoce's Antique Armour Boutique.
 44651 | Vaults:5 | Bought a crude cloak for 237 gold pieces
 44651 | Vaults:5 | Identified the +2 cloak "Uwaecal" {rElec rN+ Will+} (You
                  | bought it in a shop on level 5 of the Vaults)
 45045 | Zot:1    | Entered Level 1 of the Realm of Zot
 45272 | Zot:1    | Reached XP level 25. HP: 255/255 MP: 22/22
 45379 | Zot:1    | Received a gift from Trog
 45405 | Zot:1    | Found a transporter.
 45406 | Zot:1    | Noticed a shard shrike
 45423 | Zot:1    | Noticed Covvyleb's ghost (veteran DrIE)
 45431 | Zot:1    | Noticed a shard shrike
 45440 | Zot:1    | Found a transporter.
 45445 | Zot:1    | Noticed a shard shrike
 46012 | Zot:2    | Reached skill level 10 in Evocations
 46060 | Zot:2    | Found a transporter.
 46070 | Zot:2    | Noticed an orb of fire
 46077 | Zot:2    | Found a transporter.
 46454 | Zot:2    | You fall into a shaft and drop 2 floors!
 47094 | Zot:3    | Reached skill level 27 in Fighting
 47106 | Zot:3    | Received a gift from Trog
 47949 | Zot:3    | Noticed Grunn
 47965 | Zot:3    | Killed Grunn
 47975 | Zot:3    | HP: 11/256 [bone dragon[a doom hound] (3)]
 47980 | Zot:3    | Slain by a doom hound

Illustrated notes

Levels and vault maps discovered:
D:1:      minmay_arrival_doors, layout_loops_cross
D:2:      layout_basic, kennysheep_generic_room_10, uniq_jessica,
          uniq_crazy_yiuf_cottage
D:3:      layout_loops_cross, hellmonk_no_cap
D:4:      layout_loops_ring, serial_shops, kennysheep_mini,
          chequers_serial_rivers_micro_b, kennysheep_diamond
D:5:      layout_loops_ring, serial_rivers, chequers_serial_rivers_micro_c,
          chequers_serial_rivers_micro_a, chequers_serial_rivers_room_a,
          chequers_serial_rivers_small_b, chequers_serial_rivers_marsh
D:6:      layout_rooms, trog_book, minmay_temple_entry_waves, uniq_duvessa
D:7:      layout_rooms, marbit_many_paths, serial_shops, nicolae_square_shop
D:8:      layout_rooms, serial_shops, nicolae_shop_tiny_statue_garden,
          nicolae_shop_overcharged_wands, uniq_maggie, uniq_prince_ribbit1
D:9:      nicolae_hitomezashi [nicolae_hito_row, nicolae_hito_row,
          nicolae_hito_row, nicolae_hito_row, nicolae_hito_row,
          nicolae_hito_row, nicolae_hito_row, nicolae_hito_row,
          nicolae_hito_row, nicolae_hito_row, nicolae_hito_row,
          nicolae_hito_row, nicolae_hito_row, nicolae_hito_row,
          nicolae_hito_row, nicolae_hito_row, nicolae_hito_row,
          nicolae_hito_row], layout_loops_ring,
          amcnicky_mini_rare_corridor_liquid
D:10:     layout_basic, lair_entry_dummy, uniq_urug, uniq_maurice
D:11:     layout_cave_pools
D:12:     layout_basic, orc_0_dummy, nicolae_uskayaw_dance_hall
D:13:     layout_basic, grunt_vaults_entry_tiered, serial_shops, shop_statue,
          nicolae_hepliaklqana_hazy_memory
D:14:     layout_long_grid
D:15:     grunt_enter_depths_snipers, layout_basic, serial_shops,
          nicolae_diamond_shop, elyvilon_altar_3, minmay_more_statues
Lair:1:   layout_long_grid, minmay_hedge_maze, hangedman_tree_tricks,
          beast_lair_carwin_6, serial_bayou_shore_a
Lair:2:   layout_cave_pods, spider_nest_entry_a
Lair:3:   layout_loops_ring, minmay_swamp_entry_reptiles, serial_bayou,
          serial_bayou_pond_c, serial_bayou_lagoon_a, serial_bayou_pond_d,
          serial_bayou_lagoon_b, hellmonk_guarded_unrand_seven_league_boots
Lair:4:   layout_misc_corridors, st_stairs_3
Lair:5:   wormcave, layout_hall_layers, slime_entry_1
Swamp:1:  layout_falls_marsh, serial_swamp_ruin, hangedman_swamp_ruin_wall,
          evilmike_swamp_ruin_house_1
Swamp:2:  nzn_winding_woodlands_cross [nzn_winding_woodlands_5x15_jagged,
          nzn_winding_woodlands_5x15_cabin, nzn_winding_woodlands_5x15_eye,
          nzn_winding_woodlands_5x15_zeroes,
          nzn_winding_woodlands_15x15_witchcraft], layout_basic_swamp,
          evilmike_swamp_ruin_wall, swamp_pool3, nicolae_swamp_well_well_well,
          uniq_nikola
Swamp:3:  layout_basic_swamp, nicolae_swamp_round_clearing, swamp_pool4
Swamp:4:  swamp_pestilence, layout_basic_swamp
Spider:1: layout_spider_delve, gammafunk_ghost_split,
          nicolae_spider_wall_of_niches, uniq_jorgrun
Spider:2: nicolae_spider_hilbert_zone_3 [nicolae_spider_hilbert_4_sides_2_open,
          nicolae_spider_hilbert_3_sides_1_open,
          nicolae_spider_hilbert_3_sides_1_open,
          nicolae_spider_hilbert_3_sides_1_open,
          nicolae_spider_hilbert_3_sides_1_open,
          nicolae_spider_hilbert_4_sides_1_open,
          nicolae_spider_hilbert_4_sides_1_open,
          nicolae_spider_hilbert_4_sides_1_open,
          nicolae_spider_hilbert_4_sides_1_open,
          nicolae_spider_hilbert_4_sides_1_open,
          nicolae_spider_hilbert_4_sides_1_open,
          nicolae_spider_hilbert_4_sides_1_open,
          nicolae_spider_hilbert_4_sides_1_open,
          nicolae_spider_hilbert_3_sides_1_open,
          nicolae_spider_hilbert_3_sides_1_open,
          nicolae_spider_hilbert_3_sides_1_open,
          nicolae_spider_hilbert_3_sides_1_open], drop_trap,
          nicolae_spider_bzzzt
Spider:3: layout_spider_delve, uniq_donald
Spider:4: floodkiller_spider_rune_tomb, portal_ice_cave_entry_ice_simulacra
Orc:1:    layout_caves, serial_shops, shop, sword_in_stone, uniq_erolcha,
          uniq_josephine, uniq_gastronok
Orc:2:    hellmonk_orc_salted, layout_caves
Vaults:1: ontoclasm_vaults_misaligned, grunt_vaults_funnel,
          nicolae_vaults_closet_pinwheel_5, nicolae_vaults_storage_closets_1,
          vaults_mumra_hex, v_misc_26, v_misc_29,
          nicolae_vaults_variable_pillar_hall, vaults_room_stairs_pillars,
          nicolae_vaults_little_squares_6, layout_vaults_big_room
Vaults:2: mu_enter_wizlab_2, minmay_crypt_entry_necro_gods,
          nicolae_vaults_trapezoid_layered, nicolae_vaults_network_s,
          nicolae_vaults_puzzle_piece, nicolae_vaults_closet_pinwheel_6,
          vaults_mumra_minichess, st_cells, nicolae_vaults_apartment_1,
          nicolae_vaults_heart-shaped_vault, nicolae_vaults_two_Ls,
          nicolae_vaults_closet_pinwheel_1, layout_vaults_omnibox, enter_trove_6
Vaults:3: nicolae_vaults_little_squares_1, nicolae_vaults_trapezoid_3,
          hangedman_vaults_impose, ontoclasm_vaults_eye, v_misc_1,
          ontoclasm_vaults_claustrophobia, vaults_dpeg_diagonal,
          hangedman_vaults_snaps, nicolae_vaults_layer_cake_slice,
          layout_vaults_ring, serial_shops, shop
Vaults:4: hangedman_vaults_stagger, vaults_mumra_minichess_inversion,
          vaults_room_octagon, nicolae_vaults_tetromino_T_1, vaults_room_fours,
          nicolae_vaults_tetromino_Z_1, nicolae_vaults_trapezoid_lopsided_1,
          v_misc_1, hangedman_vaults_trim, nicolae_vaults_alarming,
          layout_vaults_omnigrid, uniq_xtahua
Vaults:5: uniq_saint_roka, uniq_jory
Crypt:1:  layout_gridlike, minmay_guarded_unrand_zonguldrok,
          grunt_crypt_arrival_webbed, grunt_megastairs_3
Crypt:2:  layout_misc_corridors, uniq_frederick
Crypt:3:  lightli_unholy_cathedral, layout_chaotic_city,
          tomb_entry_simple_bobbens, nicolae_crypt_little_mausoleum, uniq_mennas
Depths:1: layout_gridville, hellmouth_2, gammafunk_ghost_ooze,
          serial_sigils_hangedman_quiver, nicolae_shop_sticking_my_neck_out,
          kennysheep_random_hallway
Depths:2: nicolae_cairo_tiling_large, layout_gridville, rand_demon_pan_entry_9,
          serial_shops, shop, shop, nicolae_shop_waterfront,
          nicolae_hell_entry_big_baal_hell, basic_altar, uniq_josephina
Depths:3: minmay_shoctagon, layout_basic, enter_ziggurat_e,
          abyss_entry_flame_altar, hell_entry, nrook_mini_vaults, serial_shops,
          nicolae_square_shop
Depths:4: hangedman_slaughterboxes, serial_shops, hell_entry, uniq_sojobo
Zot:1:    layout_gridville, gammafunk_ghost_berserking_beasts
Zot:2:    gammafunk_sealed_arena, layout_misc_corridors,
          hangedman_snake_sidewinding
Zot:3:    layout_concentric_octagons, uniq_grunn
Zot:4:    hangedman_snap_crack_crunch, layout_onion_interference

Skill      XL: |  1  2  3  4  5  6  7  8  9 10 11 12 13 14 15 16 17 18 19 20 21 22 23 24 25 |
---------------+----------------------------------------------------------------------------+-----
Axes           | 4 5 6 7 8 9 11 13 14 15 16 17 19 20 21 22 23 24 25 | 25.8
Shields        | 2 4 6 7 9 10 11 13 14 16 17 18 19 20 21 22 | 22.0
Fighting       | 4 6 7 8 10 11 12 15 17 19 20 21 22 24 25 26 27 | 27.0
Armour         | 3 5 7 8 9 11 12 13 15 16 18 19 21 22 23 | 23.3
Dodging        | 3 4 6 7 8 9 11 12 13 15 16 17 18 19 20 21 22 | 22.5
Throwing       | 2 3 4 |  4.0
Evocations     | 2 3 4 7 9 11 | 11.3
Stealth        | 2 7 |  7.1

Action                     |  1- 3 |  4- 6 |  7- 9 | 10-12 | 13-15 | 16-18 | 19-21 | 22-24 | 25-27 || total
---------------------------+-------+-------+-------+-------+-------+-------+-------+-------+-------++-------
  Melee: Hand axe          |    26 |    84 |   152 |   376 |   407 |       |       |       |       ||  1045
         War axe           |    33 |       |       |    11 |    87 |     6 |       |       |       ||   137
         Headbutt          |     7 |     7 |    28 |    83 |   265 |   422 |   379 |   629 |   189 ||  2009
         Broad axe         |       |       |       |       |   573 |  1326 |  1181 |  1741 |   561 ||  5382
         Trishula          |       |       |       |       |       |       |     3 |       |       ||     3
  Throw: Boomerang         |       |       |       |     5 |     2 |     3 |       |     1 |       ||    11
 Invoke: Berserk           |       |     1 |     1 |     4 |     5 |     4 |     4 |       |     2 ||    21
         Brothers in Arms  |       |       |       |       |     2 |     1 |     1 |       |     1 ||     5
         Trog's Hand       |       |       |       |       |     3 |       |     1 |     2 |       ||     6
  Evoke: Wand              |       |       |       |     3 |     5 |       |       |     9 |       ||    17
    Use: Scroll            |       |     6 |     9 |     4 |    13 |    13 |     2 |     4 |     1 ||    52
         Potion            |       |       |       |       |     3 |     1 |     1 |     6 |     5 ||    16
   Stab: Distracted        |       |       |       |       |     1 |     1 |     1 |     2 |       ||     5
         Invisible         |       |       |       |       |     6 |       |       |       |       ||     6
         Sleeping          |       |       |       |       |     3 |     8 |     4 |     5 |       ||    20
         Held in net/web   |       |       |       |       |       |     1 |       |       |       ||     1
 Armour: Animal skin       |    11 |       |       |       |       |       |       |       |       ||    11
         Ring mail         |    20 |    10 |       |       |       |       |       |       |       ||    30
         Chain mail        |       |    59 |    78 |    98 |       |       |       |       |       ||   235
         Swamp dragon scal |       |       |    31 |     8 |       |       |       |       |       ||    39
         Shadow dragon sca |       |       |       |   130 |   530 |   856 |   481 |   131 |       ||  2128
         Crystal plate arm |       |       |       |       |       |       |       |   712 |   494 ||  1206
  Dodge: Dodged            |    37 |    42 |    65 |   118 |   243 |   429 |   253 |   427 |   299 ||  1913
  Block: Buckler           |       |       |    31 |   182 |       |       |       |       |       ||   213
         Reflection        |       |       |       |     2 |    32 |    45 |    36 |    42 |     6 ||   163
         Kite shield       |       |       |       |       |   634 |       |       |  1007 |   611 ||  2252
         Tower shield      |       |       |       |       |    43 |  1383 |  1071 |   258 |       ||  2755

Table legend: (Time is in decaauts)
 A = Elapsed time spent in this place.
 B = Non-inter-level travel time spent in this place.
 C = Inter-level travel time spent in this place.
 D = Time resting spent in this place.
 E = Time spent auto-exploring this place.
 F = Levels seen in this place.
 G = Mean time per level.
                   A        B        C        D        E       F      G
               +--------+--------+--------+--------+--------+-----+--------+
         Total |  47293 |  43806 |   3487 |   4336 |  23175 |  49 |  965.2 |
       Dungeon |  12428 |  11326 |   1102 |    828 |   7815 |  15 |  828.5 |
          Lair |   5882 |   5419 |    463 |    281 |   3337 |   5 | 1176.4 |
         Swamp |   2302 |   2220 |     82 |    784 |     22 |   4 |  575.5 |
   Spider Nest |   4892 |   4591 |    301 |    690 |   1864 |   4 | 1223.0 |
  Orcish Mines |   1696 |   1487 |    209 |    101 |    648 |   2 |  848.0 |
        Vaults |   7000 |   6377 |    623 |    331 |   3758 |   5 | 1400.0 |
         Crypt |   3772 |   3635 |    137 |    344 |   1696 |   3 | 1257.3 |
        Depths |   5014 |   4555 |    459 |    347 |   2098 |   4 | 1253.5 |
           Zot |   2803 |   2695 |    108 |    295 |   1545 |   4 |  700.8 |
         Trove |     91 |     91 |      0 |      0 |     12 |   1 |   91.0 |
      Ice Cave |    730 |    730 |      0 |    121 |    226 |   1 |  730.0 |
        Wizlab |    678 |    678 |      0 |    210 |    150 |   1 |  678.0 |
               +--------+--------+--------+--------+--------+-----+--------+

Top non-repeatable levels by time:
Depths:4: 1765 daAuts
Vaults:2: 1709 daAuts
Vaults:5: 1632 daAuts
  Lair:5: 1592 daAuts
Spider:4: 1565 daAuts
 Crypt:1: 1516 daAuts
Spider:2: 1449 daAuts
Vaults:4: 1354 daAuts
 Crypt:3: 1346 daAuts
    D:12: 1260 daAuts
  Lair:1: 1258 daAuts
  Lair:2: 1232 daAuts
Vaults:3: 1209 daAuts
Depths:1: 1175 daAuts
 Swamp:2: 1135 daAuts
